 Dungeon Crawl Stone Soup version 0.32-a0-871-ge202e49faa (webtiles) character file.

Game seed: 1527937280634835128

19184 kae the Carver (level 12, -3/106 HPs)
             Began as a Coglin Gladiator on Mar 29, 2024.
             Was a High Priest of Okawaru.
             Succumbed to a guardian serpent's bolt of poison
             ... on level 1 of the Lair of Beasts.
             The game lasted 00:14:19 (15103 turns).

kae the Carver (Coglin Gladiator)                  Turns: 15103, Time: 00:14:20

Health: -3/106     AC:  9    Str: 14    XL:     12   Next: 66%
Magic:  18/18      EV: 12    Int:  9    God:    Okawaru [*****.]
Gold:   715        SH:  0    Dex: 20    Spells: 11/11 levels left

rFire   . . .        x - +4 long sword (freeze) {Else}
rCold   . . .        t - +6 long sword {Yuxuan}
rNeg    . . .        b - +0 leather armour
rPois   .            c - +0 helmet
rElec   .            (no cloak)
rCorr   .            y - +2 pair of gloves
SInv    .            (no boots)
Will    .....        (amulet unavailable)
Stlth   +            (ring unavailable)
HPRegen 0.37/turn    (ring unavailable)
MPRegen 0.16/turn    (no gizmo)

%: no passive effects
@: lethally poisoned (-3 -> -15), slowed, revved, very slow
A: off-hand wielding, slow wielding, warmup strikes, no jewellery, robust 1,
shaggy fur 1, inability to drink after injury 1
a: Invent Gizmo, Renounce Religion, Heroism, Finesse, Duel


You were on level 1 of the Lair of Beasts.
You worshipped Okawaru.
Okawaru was extremely pleased with you.
You visited 3 branches of the dungeon, and saw 13 of its levels.

You collected 715 gold pieces.


Innate Abilities, Weirdness & Mutations

You can wield a second weapon in your off-hand.
It takes a long time for you to wield or remove held weapons.
Your first few attacks do less damage.
You cannot equip rings or amulets.
You are robust. (+10% HP)
You are covered in fur. (AC +1)
You occasionally lose the ability to drink potions when taking damage.


   Skills:
 * Level 10.1 Fighting
 - Level 14.0 Long Blades
 - Level 1.7 Throwing
 + Level 6.2 Armour
 - Level 2.6 Dodging
 * Level 8.2 Invocations


You had 11 spell levels left.
You didn't know any spells.
Your spell library contained the following spells:

 Spells                   Type           Power      Damage    Failure   Level
 Slow                     Hex            0%         N/A       45%         1
 Dazzling Flash           Conj/Hex       0%         N/A       83%         3
 Frozen Ramparts          Ice            0%         1d1       83%         3
 Ozocubu's Armour         Ice            0%         N/A       83%         3
 Anguish                  Hex/Necr       0%         N/A       99%         4
 Metabolic Englaciation   Hex/Ice        0%         N/A       100%        5
 Starburst                Conj/Fire      0%         6d3       100%        6
 Maxwell's Capacitive Co  Air            0%         ∞         100%        8
 Tukima's Dance           Hex            Unusable   N/A       N/A         3

Inventory:

Hand Weapons
 t - a +6 long sword (offhand) {Yuxuan}
   (You took it off a wight on level 7 of the Dungeon)
 x - a +4 long sword of freezing (weapon) {Else}
   (You took it off a wight on level 6 of the Dungeon)
Missiles
 e - a javelin (quivered)
 h - 6 boomerangs
 i - 105 stones
 k - 3 curare-tipped darts {=f}
 n - 15 poisoned darts
 v - 3 throwing nets {=f!f}
 C - 9 atropa-tipped darts
Armour
 b - a +0 leather armour (worn)
 c - a +0 helmet (worn)
 y - a +2 pair of gloves (worn)
   (You found it on level 10 of the Dungeon)
Magical Staves
 A - a staff of conjuration {!a}
   (You found it on level 1 of the Lair of Beasts)
Jewellery
 d - a +6 ring of dexterity
   (You found it on level 8 of the Dungeon)
 f - a ring of protection from fire
   (You took it off an orc priest on level 9 of the Dungeon)
 g - an amulet of regeneration
   (You took it off a gnoll on level 8 of the Dungeon)
 D - a +6 ring of dexterity
   (You found it on level 7 of the Dungeon)
 F - a ring of protection from fire
   (You found it on level 8 of the Dungeon)
Scrolls
 q - a scroll of silence {!r}
 s - 8 scrolls of teleportation {@r4}
 E - a scroll of immolation {!r!r}
Potions
 a - a potion of berserk rage {!q}
 j - 4 potions of brilliance
 l - a potion of degeneration {unknown}
 m - a potion of magic
 o - 2 potions of attraction {!q}
 p - a potion of mutation {!q}
 r - a potion of ambrosia
 u - 2 potions of resistance
 w - a potion of haste {unknown}
 z - 3 potions of curing {@q1}
 B - a potion of invisibility

Dungeon Overview and Level Annotations

Branches:
Dungeon (11/15) Zot: 25877  Temple (1/1) D:4 Zot: 5973    Lair (1/5) D:9 Zot: 4260
    Orc (0/2) D:10

Altars:
Ashenzari
Cheibriados
Dithmenos
Elyvilon
Fedhas
Gozag
Hepliaklqana
Kikubaaqudgha
Makhleb
Nemelex Xobeh
Okawaru
Qazlal
Ru
Sif Muna
Trog
Uskayaw
Vehumet
Wu Jian
Xom
Yredelemnul
Zin
The Shining One

Shops:
D:2 [=((?

Annotations:
D:3 Sigmund
Lair:1 exclusion: oklob plant

######### ####~.....~#
### ###~~~~~~~~~~~
######.####~~.~~~~~~~~..
........##~~.#..~†~.~...
........#~~.#..†@~~~~...
##.....##~~~.#...~~~~...
#.....#~~~~.#.~~~~~~~..
##......~~~.....~~##~~~.
##>....#~~~~....~~~#~~~.
##.....##~~~.....~~~~...
.......##~~.~......~~~ .
##.....###~~~.....~~~~
##......###~~~~..~~~ ###


There were no monsters in sight!


Message History

The yak blinks! x2
Unknown command.
You slash the yak with your +4 long sword of freezing!
You freeze the yak.
You slice the yak with your +6 long sword!!
The yak gores you! The yak gores you.
You hit the yak with your +6 long sword.
You slash the yak with your +4 long sword of freezing!
You freeze the yak.
You kill the yak!
Okawaru accepts your kill. 😕 HP[-10]
You take 10 damage, and now have 96/106 hp.
You hit the yak with your +4 long sword of freezing.
You freeze the yak.
You barely miss the yak with your +6 long sword.
The yak closely misses you.
You slash the yak with your +6 long sword!
You hit the yak with your +4 long sword of freezing.
You freeze the yak. The yak gores you.
You slash the yak with your +6 long sword!
You hit the yak with your +4 long sword of freezing.
You freeze the yak.
You hit the yak with your +6 long sword.
You hit the yak with your +4 long sword of freezing.
You freeze the yak. The guardian serpent hits you!
The yak closely misses you. 😕 HP[-11]
You take 11 damage, and now have 85/106 hp.
You hit the yak with your +4 long sword of freezing.
You freeze the yak.
You kill the yak!
Okawaru accepts your kill. The guardian serpent hits you!
You are too injured to fight recklessly! 😮 HP[-11]
You take 11 damage, and now have 74/106 hp.
You are too injured to fight recklessly!
You are too injured to fight recklessly!
You are too injured to fight recklessly!
You are too injured to fight recklessly!
You are too injured to fight recklessly!
You are too injured to fight recklessly!
You miss the guardian serpent with your +6 long sword.
You barely miss the guardian serpent with your +4 long sword of freezing.
The guardian serpent hits you. 😮 HP[-5]
You take 5 damage, and now have 69/106 hp.
Unknown command.
You slash the guardian serpent with your +6 long sword!
You barely miss the guardian serpent with your +4 long sword of freezing.
The guardian serpent misses you.
You closely miss the guardian serpent with your +6 long sword.
You hit the guardian serpent but do no damage.
The guardian serpent coils itself and waves its upper body at you.
You feel yourself slow down.
You barely miss the guardian serpent with your +4 long sword of freezing.
You closely miss the guardian serpent with your +6 long sword.
The guardian serpent hits you!!
* * * LOW HITPOINT WARNING * * *
The guardian serpent hits you!
* * * LOW HITPOINT WARNING * * *
😨 HP[-29]
You take 29 damage, and now have 40/106 hp.
MASSIVE DAMAGE!! (PAUSE)
You barely miss the guardian serpent with your +4 long sword of freezing.
You slash the guardian serpent with your +6 long sword!
The guardian serpent hits you!
* * * LOW HITPOINT WARNING * * *
😨 HP[-13]
You take 13 damage, and now have 27/106 hp.
You slash the guardian serpent with your +6 long sword!
You hit the guardian serpent with your +4 long sword of freezing.
You freeze the guardian serpent. The guardian serpent hits you!
* * * LOW HITPOINT WARNING * * *
The guardian serpent coils itself and waves its upper body at you.
You resist with some effort. 😱 HP[-8]
You take 8 damage, and now have 19/106 hp.
Unknown command.
You closely miss the guardian serpent with your +4 long sword of freezing.
You slash the guardian serpent with your +6 long sword!
The guardian serpent closely misses you.
The guardian serpent coils itself and waves its upper body at you.
You feel as though you will be slow longer. 😱 HP[+1] Unknown command.
You hit the guardian serpent but do no damage. x2
The guardian serpent casts a spell at you.
The bolt of poison hits you!!
You are poisoned.
* * * LOW HITPOINT WARNING * * *
😱 HP[-19]
You take 19 damage, and now have 1/106 hp.
You hit the guardian serpent with your +4 long sword of freezing.
You freeze the guardian serpent.
You kill the guardian serpent!
Okawaru is honoured by your kill. Okawaru grants you throwing weapons!
Something appears at your feet!
You die...

Skill      XL: |  1  2  3  4  5  6  7  8  9 10 11 12 |
---------------+-------------------------------------+-----
Long Blades    | 4 5 6 7 9 11 14 | 14.0
Invocations    | 4 6 8 |  8.2
Armour         | 3 5 6 |  6.2
Fighting       | 5 8 10 | 10.1
Throwing       | |  1.7
Dodging        | |  2.6

Action                     |  1- 3 |  4- 6 |  7- 9 | 10-12 || total
---------------------------+-------+-------+-------+-------++-------
  Melee: Long sword        |    45 |   204 |   387 |   818 ||  1454
         Dagger            |    43 |   191 |   188 |       ||   422
 Invoke: Heroism           |       |       |       |     3 ||     3
    Use: Scroll            |     5 |     3 |     6 |     4 ||    18
         Potion            |       |     3 |     3 |     5 ||    11
   Stab: Sleeping          |     1 |     1 |       |     1 ||     3
         Invisible         |       |       |       |    12 ||    12
 Armour: Leather armour    |    29 |   139 |   212 |   287 ||   667
         Skin              |       |    21 |       |       ||    21
  Dodge: Dodged            |    32 |   140 |   174 |   273 ||   619

Levels and vault maps discovered:
D:1:      psy_arrival_dodecagon, layout_basic
D:2:      layout_loops_corners, basic_altar, serial_shops, shop_fountains,
          nicolae_shop_temple_entry_statues_fountains, shop,
          nicolae_shop_just_a_little_nook, shop
D:3:      layout_loops_ring, nicolae_hepliaklqana_monster_ancestors,
          grunt_ministairs_10, minmay_stone_trees_large, uniq_jessica,
          uniq_sigmund
D:4:      layout_basic, trog_three_pillars_becter, minmay_temple_entry_junction
D:5:      layout_loops_cross, tgw_kikubaaqudgha, minivault_27,
          hangedman_decor_points
D:6:      layout_rooms, nicolae_uskayaw_dance_hall, uniq_edmund, uniq_eustachio
D:7:      layout_basic
D:8:      layout_gridville, nicolae_qazlal_style_of_elements, chequers_jeans,
          kennysheep_cross_room, ebering_dispersal_statue_hall
D:9:      layout_roguey, mainiacjoe_overflow_alcove_4, david_lair_shrubbed,
          eino_jars, uniq_joseph
D:10:     layout_irregular_city, led_xom_imps, nicolae_ru_awakened_eye,
          zombieorc2_lemuel
D:11:     layout_irregular_city, serial_park_tiny_2
Temple:   dpeg_chambers_temple
Lair:1:   layout_regular_city, hellmonk_guarded_unrand_seven_league_boots,
          lemuel_fruit_fields, grunt_megastairs_4

Notes
Turn   | Place    | Note
-------+----------+-------------------------------------------
     0 | D:1      | kae the Coglin Gladiator began the quest for the Orb.
     0 | D:1      | Reached XP level 1. HP: 16/16 MP: 1/1
     0 | D:1      | magus.rc [v1.11.3]
    50 | D:1      | Reached XP level 2. HP: 18/22 MP: 2/2
   443 | D:1      | Reached skill level 4 in Long Blades
   545 | D:1      | Reached XP level 3. HP: 27/27 MP: 3/3
   607 | D:2      | Found Korheup's Weapon Emporium.
   667 | D:2      | Found Ycir's Jewellery Emporium.
   690 | D:2      | Noticed a scorpion
   697 | D:2      | Killed a scorpion
   698 | D:2      | Reached skill level 5 in Long Blades
   698 | D:2      | Reached XP level 4. HP: 11/33 MP: 4/4
   701 | D:2      | HP: 8/33 [poisoned by a scorpion]
   876 | D:2      | Found Biruck's Antique Armour Shoppe.
   950 | D:2      | Found Xasch's Antique Weapon Emporium.
  1095 | D:2      | Found Wenuw's Magic Scroll Emporium.
  1146 | D:2      | Found a shimmering altar of Xom.
  1627 | D:3      | Reached XP level 5. HP: 38/38 MP: 5/5
  1676 | D:3      | Noticed Sigmund
  1820 | D:3      | Found a hazy altar of Hepliaklqana.
  1979 | D:3      | Noticed Jessica
  1982 | D:3      | Killed Jessica
  1983 | D:3      | Reached skill level 6 in Long Blades
  2527 | D:3      | HP: 5/38 [iguana (11)]
  2679 | D:3      | Reached XP level 6. HP: 19/44 MP: 6/6
  2794 | D:4      | HP: 11/44 [hound (2)]
  3006 | D:4      | Reached skill level 7 in Long Blades
  3022 | D:4      | You pick up a book of Winter and begin reading...
  3022 | D:4      | You add the spells Frozen Ramparts, Ozocubu's Armour and
                  | Metabolic Englaciation to your library.
  3315 | D:4      | HP: 9/44 [something/magic dart (9)]
  3316 | D:4      | Gained mutation: You occasionally lose the ability to drink
                  | potions when taking damage. [potion of mutation]
  3316 | D:4      | Gained mutation: You are robust. (+10% HP) [potion of
                  | mutation]
  3316 | D:4      | Gained mutation: You are covered in fur. (AC +1) [potion of
                  | mutation]
  3324 | D:4      | HP: 7/72 [something/puff of flame (5)]
  3330 | D:4      | HP: 7/72 [orc/+0 club (2)]
  3507 | D:4      | Found a bloodstained altar of Trog.
  3527 | D:4      | Reached XP level 7. HP: 39/55 MP: 7/7
  3601 | D:4      | Found a staircase to the Ecumenical Temple.
  3747 | Temple   | Entered the Ecumenical Temple
  3760 | Temple   | Became a worshipper of Warmaster Okawaru
  3781 | D:4      | Identified the +0 helmet of Lucidity {Rampage Stlth+}
  4056 | D:4      | Reached skill level 8 in Long Blades
  4129 | D:5      | Entered Level 5 of the Dungeon
  4489 | D:5      | Reached skill level 9 in Long Blades
  4695 | D:5      | Found an ancient bone altar of Kikubaaqudgha.
  4695 | D:5      | Noticed a human
  4700 | D:5      | Killed a human
  5060 | D:6      | Noticed Eustachio
  5084 | D:5      | HP: 13/55 [poisoned by a water moccasin]
  5086 | D:5      | Reached * piety under Okawaru
  5087 | D:5      | Reached XP level 8. HP: 21/61 MP: 8/8
  5228 | D:6      | Noticed Edmund
  5240 | D:6      | Killed Edmund
  5291 | D:6      | Found a hide-covered altar of Uskayaw.
  5569 | D:6      | Reached skill level 10 in Long Blades
  5842 | D:6      | Killed Eustachio
  6037 | D:6      | Reached ** piety under Okawaru
  6038 | D:6      | Reached skill level 11 in Long Blades
  6376 | D:7      | Reached XP level 9. HP: 41/67 MP: 9/9
  6487 | D:7      | HP: 8/67 [orc warrior/+0 war axe (13)]
  6493 | D:7      | HP: 1/67 [orc warrior/+0 war axe (14)]
  6804 | D:7      | Reached skill level 12 in Long Blades
  7103 | D:7      | Reached *** piety under Okawaru
  7215 | D:7      | Reached skill level 13 in Long Blades
  7487 | D:7      | Identified the +3 ring mail "Wiuchue" {+Blink}
  8009 | D:8      | Reached **** piety under Okawaru
  8048 | D:8      | Reached skill level 14 in Long Blades
  8048 | D:8      | Reached XP level 10. HP: 67/73 MP: 10/10
  8054 | D:8      | Reached skill level 1 in Invocations
  8075 | D:8      | Reached skill level 1 in Armour
  8127 | D:8      | Reached skill level 3 in Fighting
  8200 | D:8      | Found a stormy altar of Qazlal.
  8445 | D:8      | Reached skill level 2 in Invocations
  9051 | D:9      | Reached skill level 4 in Fighting
  9051 | D:9      | Reached skill level 2 in Armour
  9113 | D:9      | Reached skill level 3 in Invocations
  9157 | D:9      | Reached ***** piety under Okawaru
  9301 | D:9      | Found a staircase to the Lair.
  9316 | D:9      | Noticed Joseph
  9330 | D:9      | Killed Joseph
  9332 | D:9      | HP: 20/80 [killer bee (4)]
  9337 | D:9      | HP: 16/80 [poisoned by a killer bee]
  9512 | D:9      | Reached skill level 5 in Fighting
  9671 | D:9      | Found a sparkling altar of Nemelex Xobeh.
  9880 | D:9      | Reached skill level 4 in Invocations
  9969 | D:9      | Reached skill level 3 in Armour
 10183 | D:9      | Reached XP level 11. HP: 68/89 MP: 14/14
 10485 | D:10     | Entered Level 10 of the Dungeon
 10532 | D:10     | You add the spells Slow and Anguish to your library.
 10532 | D:10     | Got the Secrets of Malediction
 10583 | D:10     | HP: 18/89 [troll zombie (7)]
 10584 | D:10     | Reached skill level 6 in Fighting
 10799 | D:10     | Found a staircase to the Orcish Mines.
 11093 | D:10     | Reached skill level 5 in Invocations
 11176 | D:10     | Noticed a two-headed ogre
 11183 | D:10     | Killed a two-headed ogre
 11355 | D:10     | Found a sacrificial altar of Ru.
 11502 | D:10     | Reached skill level 4 in Armour
 11509 | D:10     | Found a shimmering altar of Xom.
 11631 | D:10     | Reached skill level 7 in Fighting
 11851 | D:10     | Received a gift from Okawaru
 11905 | D:10     | Noticed a two-headed ogre
 11911 | D:10     | Killed a two-headed ogre
 12533 | D:11     | Noticed a two-headed ogre
 12546 | D:11     | Reached skill level 6 in Invocations
 12553 | D:11     | Killed a two-headed ogre
 12771 | D:11     | Identified the +0 leather armour of a bazaar {rF- rCorr
                  | Dex+6}
 12802 | D:11     | Noticed a two-headed ogre
 12812 | D:11     | Killed a two-headed ogre
 12813 | D:11     | Reached skill level 8 in Fighting
 13328 | Lair:1   | Entered Level 1 of the Lair of Beasts
 13355 | Lair:1   | Received a gift from Okawaru
 13356 | Lair:1   | Reached skill level 5 in Armour
 13408 | Lair:1   | Reached ****** piety under Okawaru
 13409 | Lair:1   | Reached XP level 12. HP: 34/103 MP: 17/17
 13419 | Lair:1   | Reached skill level 7 in Invocations
 13481 | Lair:1   | HP: 25/103 [blink frog (14)]
 13504 | Lair:1   | Reached skill level 9 in Fighting
 13508 | Lair:1   | HP: 20/104 [yak (14)]
 13520 | Lair:1   | HP: 17/104 [yak (7)]
 13534 | Lair:1   | HP: 25/104 [polar bear (10)]
 13539 | Lair:1   | HP: 16/104 [blink frog (5)]
 13547 | Lair:1   | HP: 7/104 [polar bear (4)]
 13912 | Lair:1   | You pick up a book of Spectacle and begin reading...
 13912 | Lair:1   | You add the spells Dazzling Flash, Starburst and Maxwell's
                  | Capacitive Coupling to your library.
 13920 | Lair:1   | Received a gift from Okawaru
 14508 | Lair:1   | Noticed a boulder beetle
 14522 | Lair:1   | Reached skill level 6 in Armour
 14522 | Lair:1   | Reached skill level 8 in Invocations
 14522 | Lair:1   | HP: 18/106 [poisoned by a black mamba]
 14847 | Lair:1   | Killed a boulder beetle
 14848 | Lair:1   | Reached skill level 10 in Fighting
 15100 | Lair:1   | HP: 19/106 [guardian serpent (8)]
 15102 | Lair:1   | HP: 1/106 [guardian serpent/bolt of poison (19)]
 15103 | Lair:1   | Received a gift from Okawaru
 15103 | Lair:1   | Succumbed to a guardian serpent's bolt of poison

Vanquished Creatures
  4 two-headed ogres
  A boulder beetle (Lair:1)
  3 black mambas (Lair:1)
  A guardian serpent (Lair:1)
  Joseph (D:9)
  2 cane toads (Lair:1)
  An unseen horror (D:11)
  3 komodo dragons
  2 trolls
  A polar bear (Lair:1)
  11 blink frogs (Lair:1)
  2 shadows
  2 wraiths
  3 wyverns
  15 yaks (Lair:1)
  2 basilisks
  Eustachio (D:6)
  2 steam dragons (D:8)
  Edmund (D:6)
  2 acid dragons
  6 water moccasins
  6 orc warriors
  2 ice beasts (D:7)
  A black bear (D:7)
  2 ogres
  A centaur (D:9)
  4 phantoms
  13 bullfrogs
  2 kobold brigands
  3 scorpions
  15 wights
  4 troll zombies (D:10)
  21 killer bees
  An electric eel (D:8)
  3 howler monkeys (D:8)
  3 crimson imps (D:10)
  4 hounds
  6 orc priests
  2 gnoll boudas
  2 sleepcaps
  Jessica (D:3)
  3 iguanas
  19 orc wizards
  4 ogre zombies (D:10)
  8 gnolls
  4 adders
  A shadow imp (D:6)
  5 white imps
  2 ufetubi (D:6)
  3 ribbon worms (D:3)
  42 orcs
  6 ball pythons
  4 bats
  10 endoplasms
  4 giant cockroaches
  8 hobgoblins
  10 jackals
  8 kobolds
  4 quokkas
  3 frilled lizards
  4 gnoll skeletons (D:10)
  2 gnoll zombies (D:10)
  10 goblins
  2 orc skeletons (D:10)
  17 orc zombies (D:10)
  10 rats
  A spectral goblin (D:3)
356 creatures vanquished.

Vanquished Creatures (others)
  A human (D:5)
1 creature vanquished.

Grand Total: 357 creatures vanquished

Table legend:
 A = Non-vault XP
 B = Vault XP
 C = Vault XP percentage of total XP
 D = Non-vault monster count
 E = Vault monster count
 F = Vault count percentage of total count
                 A         B        C        D         E       F
            +---------+---------+-------+---------+---------+-------
      Total |   20159 |    7704 |  27.6 |     284 |      72 |  20.2
            +---------+---------+-------+---------+---------+-------
        D:1 |      35 |       0 |   0.0 |      21 |       0 |   0.0
        D:2 |     127 |       0 |   0.0 |      23 |       0 |   0.0
        D:3 |     111 |      46 |  29.3 |      20 |       5 |  20.0
        D:4 |     396 |       0 |   0.0 |      30 |       0 |   0.0
        D:5 |     558 |       0 |   0.0 |      11 |       0 |   0.0
        D:6 |     828 |     352 |  29.8 |      21 |       2 |   8.7
        D:7 |    1948 |       0 |   0.0 |      39 |       0 |   0.0
        D:8 |    1580 |       0 |   0.0 |      26 |       0 |   0.0
        D:9 |    2404 |     922 |  27.7 |      34 |       7 |  17.1
       D:10 |    3553 |     981 |  21.6 |      23 |      39 |  62.9
       D:11 |    2895 |       0 |   0.0 |      11 |       0 |   0.0
     Lair:1 |    5724 |    5403 |  48.6 |      25 |      19 |  43.2
            +---------+---------+-------+---------+---------+-------

Skill      XL: |  1  2  3  4  5  6  7  8  9 10 11 12 |
---------------+-------------------------------------+-----
Long Blades    | 4 5 6 7 9 11 14 | 14.0
Invocations    | 4 6 8 |  8.2
Armour         | 3 5 6 |  6.2
Fighting       | 5 8 10 | 10.1
Throwing       | |  1.7
Dodging        | |  2.6

Action                     |  1- 3 |  4- 6 |  7- 9 | 10-12 || total
---------------------------+-------+-------+-------+-------++-------
  Melee: Long sword        |    45 |   204 |   387 |   818 ||  1454
         Dagger            |    43 |   191 |   188 |       ||   422
 Invoke: Heroism           |       |       |       |     3 ||     3
    Use: Scroll            |     5 |     3 |     6 |     4 ||    18
         Potion            |       |     3 |     3 |     5 ||    11
   Stab: Sleeping          |     1 |     1 |       |     1 ||     3
         Invisible         |       |       |       |    12 ||    12
 Armour: Leather armour    |    29 |   139 |   212 |   287 ||   667
         Skin              |       |    21 |       |       ||    21
  Dodge: Dodged            |    32 |   140 |   174 |   273 ||   619

Illustrated notes

Table legend:
 A = Kills in this place as a percentage of kills in the entire game.
 B = Kills by you in this place as a percentage of kills by you in the entire game.
 C = Kills by friends in this place as a percentage of kills by friends in the entire game.
 D = Other kills in this place as a percentage of other kills in the entire game.
 E = Experience gained in this place as a percentage of experience gained in the entire game.
 F = Experience gained in this place divided by the number of levels of this place that you have seen.
                   A       B       C       D       E      F
               +-------+-------+-------+-------+-------+----------------------
         Total | 100.0 | 100.0 |   N/A |   N/A | 100.0 | 2143.3
       Dungeon |  87.6 |  87.6 |   N/A |   N/A |  60.1 | 1521.5
          Lair |  12.4 |  12.4 |   N/A |   N/A |  39.9 | 11127.0
               +-------+-------+-------+-------+-------+----------------------

Table legend: (Time is in decaauts)
 A = Elapsed time spent in this place.
 B = Non-inter-level travel time spent in this place.
 C = Inter-level travel time spent in this place.
 D = Time resting spent in this place.
 E = Time spent auto-exploring this place.
 F = Levels seen in this place.
 G = Mean time per level.
                   A        B        C        D        E       F      G
               +--------+--------+--------+--------+--------+-----+--------+
         Total |  14930 |  14445 |    485 |   3342 |   8824 |  13 | 1148.5 |
       Dungeon |  13164 |  12706 |    458 |   2892 |   7796 |  11 | 1196.7 |
        Temple |     26 |      1 |     25 |      0 |      0 |   1 |   26.0 |
          Lair |   1739 |   1739 |      0 |    450 |   1027 |   1 | 1739.0 |
               +--------+--------+--------+--------+--------+-----+--------+

Top non-repeatable levels by time:
  Lair:1: 1739 daAuts
    D:10: 1679 daAuts
     D:9: 1657 daAuts
     D:6: 1538 daAuts
     D:4: 1378 daAuts
     D:5: 1151 daAuts
     D:7: 1098 daAuts
     D:3: 1094 daAuts
    D:11: 1082 daAuts
     D:2: 1017 daAuts
     D:8: 862 daAuts
     D:1: 605 daAuts
  Temple: 26 daAuts
